 Dungeon Crawl Stone Soup version 0.32-a0-172-gc5dd13f2a7 (webtiles) character file.

Game seed: 2835278810362103544

1549 Dittersdorf the Covered (level 8, -9/52 HPs)
             Began as a Gargoyle Fighter on Feb 12, 2024.
             Killed from afar by an oklob plant (14 damage)
             ... with a splash of acid
             ... on level 6 of the Dungeon.
             The game lasted 00:05:35 (4991 turns).

Dittersdorf the Covered (Gargoyle Fighter)          Turns: 4991, Time: 00:05:36

Health: -9/52      AC: 17    Str: 22    XL:     8   Next: 87%
Magic:  8/8        EV:  8    Int:  9    God:
Gold:   342        SH:  5    Dex:  9    Spells: 7/7 levels left

rFire   . . .        t - +1 flail (protect)
rCold   . . .        c - +0 buckler
rNeg    + + .        m - +0 chain mail of Reason {rPois}
rPois   ∞            o - +1 helmet
rElec   +            a - scarf {+Inv}
rCorr   .            (no gloves)
SInv    .            (no boots)
Will    .....        (no amulet) Stlth
                     h - +4 ring of protection
HPRegen 0.28/turn    k - ring of positive energy
MPRegen 0.11/turn

%: no passive effects
@: corroded, under a protective aura
A: sickness immunity, AC +5, negative energy resistance 1, electricity
resistance, torment resistance 1, petrification resistance
a: Evoke Invisibility


You were on level 6 of the Dungeon.
You visited 1 branch of the dungeon, and saw 6 of its levels.

You collected 342 gold pieces.

Inventory:

Hand Weapons
 t - a +1 flail of protection (weapon)
Missiles
 l - a throwing net (quivered)
Armour
 a - a scarf of invisibility (worn)
 b - a +0 plate armour
 c - a +0 buckler (worn)
 m - the +0 chain mail of Reason (worn) {rPois}
   (You found it on level 4 of the Dungeon)

   rPois:     It protects you from poison
 o - a +1 helmet (worn)
Jewellery
 h - a +4 ring of protection (left hand)
 k - a ring of positive energy (right hand)
Scrolls
 n - a scroll of teleportation
 q - 2 scrolls of enchant armour
Potions
 d - 2 potions of might
 e - a potion of brilliance {unknown}
 f - 2 potions of haste {unknown}
 g - 2 potions of curing {unknown}
 i - a potion of attraction {unknown}
 p - 3 potions of magic
 r - a potion of enlightenment
 u - a potion of mutation
 v - a potion of resistance


   Skills:
 + Level 6.7 Fighting
 + Level 5.7 Maces & Flails
 + Level 6.8 Armour
 + Level 6.7 Shields


You had 7 spell levels left.
You didn't know any spells.
Your spell library contained the following spells:

 Spells                   Type           Power      Damage    Failure   Level
 Inner Flame              Hex/Fire       0%         N/A       100%        3
 Irradiate                Conj/Alch      0%         3d11      100%        5
 Ignition                 Fire           0%         3d3       100%        8


Dungeon Overview and Level Annotations

Branches:
Dungeon (6/15)
 Temple: D:4-7

Altars:
Elyvilon
Ru
Yredelemnul

Annotations:
D:6 exclusion: oklob plant


Innate Abilities, Weirdness & Mutations

You are immune to sickness and miasma.
Your stone body is resilient. (AC +5)
You are immune to poison.
You resist negative energy. (rN+)
You are resistant to electric shocks. (rElec)
You are resistant to unholy torment.
You are immune to petrification.


Message History

The splash of acid hits you!
You completely miss the oklob plant.
The oklob plant is moderately damaged.
You hit the oklob plant.
The oklob plant is moderately damaged.
The oklob plant spits acid at you. The splash of acid hits you!!
You thump the oklob plant!
The oklob plant is heavily damaged.
You hit the oklob plant.
The oklob plant is heavily damaged.
You hit the oklob plant but do no damage.
The oklob plant is heavily damaged.
You hit the oklob plant.
The oklob plant is heavily damaged.
The oklob plant spits acid at you. The splash of acid hits you.
You hit the oklob plant but do no damage.
The oklob plant is heavily damaged.
You hit the oklob plant but do no damage.
The oklob plant is heavily damaged.
The oklob plant spits acid at you. The splash of acid hits you.
The acid corrodes you!
You hit the oklob plant but do no damage.
The oklob plant is heavily damaged.
You hit the oklob plant.
The oklob plant is severely damaged.
You hit the oklob plant.
The oklob plant is severely damaged.
The oklob plant spits acid at you. The splash of acid hits you!!
* * * LOW HITPOINT WARNING * * *
The acid corrodes you!
You sock the oklob plant!
The oklob plant is severely damaged.
You hit the oklob plant but do no damage.
The oklob plant is severely damaged.
The oklob plant spits acid at you. The splash of acid hits you!
You die...

.##........#....#
....#......#....#
....###...###(..##
...........####..#
....#......## ##.#
........(#..#
##'##
......>#...##
#...# .#...#...#.#
##...##
.######..###
#..@..# # ####
#..P..# #.....#
##...## #...#
#####


You could see an oklob plant.

Vanquished Creatures
  Grinder (D:3)
  A water moccasin (D:5)
  2 black bears
  An ogre (D:5)
  A phantom (D:4)
  A bullfrog (D:6)
  2 scorpions
  2 hounds (D:5)
  10 jellies
  A bombardier beetle (D:5)
  2 iguanas
  An orc wizard (D:6)
  8 adders
  7 gnolls
  2 ribbon worms
  A dart slug (D:5)
  11 orcs
  19 endoplasms
  A giant cockroach (D:1)
  6 goblins
  2 hobgoblins (D:1)
  8 jackals
  5 kobolds
  3 quokkas
  8 ball pythons
  8 bats
  2 frilled lizards
  5 rats
121 creatures vanquished.

Notes
Turn   | Place    | Note
-------+----------+-------------------------------------------
     0 | D:1      | Dittersdorf the Gargoyle Fighter began the quest for the
                  | Orb.
     0 | D:1      | Reached XP level 1. HP: 14/14 MP: 1/1
   127 | D:1      | Reached XP level 2. HP: 12/19 MP: 2/2
   412 | D:1      | Reached XP level 3. HP: 23/23 MP: 3/3
   594 | D:2      | Found a sacrificial altar of Ru.
   732 | D:2      | Found a faded altar of an unknown god.
   871 | D:2      | Reached XP level 4. HP: 28/29 MP: 4/4
   945 | D:2      | Noticed a black bear
   955 | D:2      | Killed a black bear
   956 | D:2      | Reached XP level 5. HP: 27/33 MP: 5/5
  1352 | D:3      | Noticed Grinder
  1356 | D:3      | Paralysed by Grinder for 2 turns
  1365 | D:3      | Paralysed by Grinder for 4 turns
  1371 | D:3      | Paralysed by Grinder for 4 turns
  1378 | D:3      | Killed Grinder
  1379 | D:3      | Reached XP level 6. HP: 14/40 MP: 6/6
  1583 | D:3      | Reached skill level 5 in Armour
  1613 | D:3      | Identified the +0 robe of the Sneaky Hosts {rF+ rN+}
  1739 | D:3      | Reached skill level 5 in Shields
  1758 | D:3      | Reached skill level 5 in Fighting
  2005 | D:4      | Reached XP level 7. HP: 44/44 MP: 7/7
  2373 | D:4      | Identified the +0 chain mail of Reason {rPois}
  2990 | D:5      | Entered Level 5 of the Dungeon
  3139 | D:5      | Reached XP level 8. HP: 23/51 MP: 8/8
  3294 | D:5      | Found a sacrificial altar of Ru.
  3579 | D:5      | Reached skill level 5 in Maces & Flails
  3760 | D:5      | Found a basalt altar of Yredelemnul.
  3814 | D:5      | Found a white marble altar of Elyvilon.
  4132 | D:6      | Noticed an oklob plant
  4991 | D:6      | Killed from afar by an oklob plant

Illustrated notes

Levels and vault maps discovered:
D:1:      minmay_arrival_plants_in_alcoves, layout_rooms, serial_bayou_crossing
D:2:      layout_basic, basic_altar, ebering_ecumenical_altar_sacrificial,
          glass_columns_c
D:3:      layout_rooms, chequers_serial_rivers_room_a, st_stairs_1, uniq_grinder
D:4:      layout_basic
D:5:      layout_basic, kennysheep_ying_yang, kennysheep_mini_moat
D:6:      lemuel_slime, layout_cave_pools,
          chequers_temple_overflow_statue_of_worship

Skill      XL: |  1  2  3  4  5  6  7  8 |
---------------+-------------------------+-----
Fighting       | 4 5 6 |  6.7
Maces & Flails | 3 4 5 |  5.7
Armour         | 4 5 6 |  6.8
Shields        | 4 5 6 |  6.7

Action                     |  1- 3 |  4- 6 |  7- 9 || total
---------------------------+-------+-------+-------++-------
  Melee: Flail             |   106 |   114 |   287 ||   507
    Use: Scroll            |       |     9 |     3 ||    12
 Armour: Scale mail        |   104 |   108 |     6 ||   218
         Chain mail        |       |       |   291 ||   291
  Dodge: Dodged            |    60 |    88 |   124 ||   272
  Block: Buckler           |    31 |    35 |    76 ||   142

Table legend: (Time is in decaauts)
 A = Elapsed time spent in this place.
 B = Non-inter-level travel time spent in this place.
 C = Inter-level travel time spent in this place.
 D = Time resting spent in this place.
 E = Time spent auto-exploring this place.
 F = Levels seen in this place.
 G = Mean time per level.
                   A        B        C        D        E       F      G
               +--------+--------+--------+--------+--------+-----+--------+
         Total |   5120 |   4922 |    198 |    681 |   3110 |   6 |  853.3 |
       Dungeon |   5120 |   4922 |    198 |    681 |   3110 |   6 |  853.3 |
               +--------+--------+--------+--------+--------+-----+--------+

Top non-repeatable levels by time:
     D:5: 1515 daAuts
     D:4: 1036 daAuts
     D:2: 733 daAuts
     D:3: 671 daAuts
     D:1: 647 daAuts
     D:6: 517 daAuts
